 Dungeon Crawl Stone Soup version 0.30.0-29-ga12c61a403 (webtiles) character file.

Game seed: 15865357345531265945

66 seaoflcl the Trooper (level 4, -7/35 HPs)
             Began as a Human Fighter on June 4, 2023.
             Mangled by Sigmund
             ... wielding a +0 scythe
              (9 damage)
             ... on level 3 of the Dungeon.
             The game lasted 00:02:19 (1795 turns).

seaoflcl the Trooper (Human Fighter)                Turns: 1795, Time: 00:02:20

Health: -7/35      AC:  9    Str: 18    XL:     4   Next: 37%
Magic:  4/4        EV:  7    Int:  8    God:
Gold:   65         SH:  0    Dex: 13    Spells: 3/3 levels left

rFire   . . .        a - +0 long sword
rCold   . . .        c - +0 buckler
rNeg    . . .        n - +0 chain mail
rPois   .            (no helmet)
rElec   .            (no cloak)
rCorr   .            (no gloves)
SInv    .            (no boots)
Will    .....        (no amulet) Stlth
                     (no ring)
HPRegen 0.25/turn    (no ring)
MPRegen 0.09/turn

%: random rage (3%)
@: confused
A: berserk 1, MP-powered wands
a: no special abilities


You were on level 3 of the Dungeon.
You visited 1 branch of the dungeon, and saw 3 of its levels.

You collected 65 gold pieces.

Inventory:

Hand Weapons
 a - a +0 long sword (weapon)
 k - a +1 dagger of holy wrath
Missiles
 l - 2 javelins (quivered)
Armour
 c - a +0 buckler (worn)
 n - a +0 chain mail (worn)
Scrolls
 b - a scroll of vulnerability {unknown}
 e - a scroll of immolation {unknown}
 g - a scroll of magic mapping {unknown}
 i - a scroll of fog {unknown}
 j - a scroll of teleportation {unknown}
 m - 2 scrolls of identify {unknown}
Potions
 d - a potion of might
 f - 2 potions of curing {unknown}
 h - 2 potions of mutation


   Skills:
 - Level 3.4 Fighting
 * Level 3.0 Long Blades
 - Level 3.4 Armour
 - Level 3.4 Shields


You had 3 spell levels left.
You didn't know any spells.
Your spell library contained the following spells:

 Spells                   Type           Power      Damage    Failure   Level
 Summon Small Mammal      Summ           0%         N/A       99%         1
 Call Canine Familiar     Summ           0%         N/A       100%        3
 Summon Guardian Golem    Hex/Summ       0%         N/A       100%        3


Dungeon Overview and Level Annotations

Branches:
Dungeon (3/15)

Altars:

Annotations:
D:3 Sigmund


Innate Abilities, Weirdness & Mutations

You sometimes lose your temper in combat.
You expend magic power (3 MP) to strengthen your wands.


Message History

Sigmund shouts!
Sigmund hits you from afar with a +0 scythe.
Sigmund is nearby!
You hit Sigmund.
Sigmund is lightly wounded.
Sigmund casts a spell at you. You block the puff of flame.
You closely miss Sigmund.
Sigmund is lightly wounded.
Sigmund hits you but does no damage.
You slash Sigmund!
Sigmund is heavily wounded.
Sigmund hits you with a +0 scythe!
You closely miss Sigmund.
Sigmund is moderately wounded.
Sigmund hits you but does no damage.
You hit Sigmund but do no damage.
Sigmund is moderately wounded.
Sigmund hits you with a +0 scythe!
You hit Sigmund.
Sigmund is heavily wounded.
Sigmund casts a spell at you.
You are confused.
Sigmund barely misses you.
You barely miss Sigmund.
Sigmund is heavily wounded.
Sigmund hits you but does no damage.
You bump into the rock wall.
Sigmund hits you with a +0 scythe!
* * * LOW HITPOINT WARNING * * *
You bump into the rock wall.
Sigmund points at you and mumbles some strange words.
The magic dart hits you.
* * * LOW HITPOINT WARNING * * *
Sorry, you're not good enough to have a special ability.
Unknown command.
It was a potion of mutation.
You feel extremely strange.
You feel your magical essence link to the dungeon's wands.
You feel a little pissed off. Sigmund hits you with a +0 scythe!
You die...

#.# #.# #.####
#....# #.##.#
#<##.## .#.
#.#.#.###.....
...###........
#.#.#.#@##......
##.....@....#..#
#.#.##..........
#.##.######.....
.# #.# ..##.# .#
# #


You could see Sigmund.

Vanquished Creatures
  A gnoll (D:1)
  2 adders (D:2)
  A worm (D:2)
  A dart slug (D:1)
  A bat (D:1)
  3 endoplasms
  A giant cockroach (D:1)
  4 goblins (D:1)
  4 hobgoblins
  A kobold (D:2)
  3 quokkas
  4 ball pythons
  3 frilled lizards
  4 rats
33 creatures vanquished.

Notes
Turn   | Place    | Note
-------+----------+-------------------------------------------
     0 | D:1      | seaoflcl the Human Fighter began the quest for the Orb.
     0 | D:1      | Reached XP level 1. HP: 18/18 MP: 1/1
   209 | D:1      | Reached XP level 2. HP: 24/24 MP: 2/2
   360 | D:1      | Reached XP level 3. HP: 13/29 MP: 3/3
   586 | D:1      | Found a faded altar of an unknown god.
  1349 | D:2      | Reached XP level 4. HP: 24/35 MP: 4/4
  1782 | D:3      | Noticed Sigmund
  1794 | D:3      | HP: 1/35 [Sigmund/magic dart (5)]
  1795 | D:3      | Gained mutation: You expend magic power (3 MP) to
                  | strengthen your wands. [potion of mutation]
  1795 | D:3      | Gained mutation: You sometimes lose your temper in combat.
                  | [potion of mutation]
  1795 | D:3      | Mangled by Sigmund

Illustrated notes

Levels and vault maps discovered:
D:1:      wander_arrival_lonely_grave, layout_basic,
          ebering_ecumenical_altar_petrified, st_stairs_10
D:2:      layout_rooms, minmay_pentomino_p2
D:3:      layout_loops_ring, mainiacjoe_overflow_24_doors, uniq_sigmund

Skill      XL: |  1  2  3  4 |
---------------+-------------+-----
Long Blades    | 3 |  3.0
Fighting       | |  3.4
Armour         | |  3.4
Shields        | |  3.4

Action                     |  1- 3 |  4- 6 || total
---------------------------+-------+-------++-------
  Melee: Long sword        |    99 |    28 ||   127
    Use: Potion            |       |     1 ||     1
 Armour: Scale mail        |    35 |       ||    35
         Chain mail        |       |    12 ||    12
  Dodge: Dodged            |    39 |     8 ||    47
  Block: Buckler           |    18 |     2 ||    20
